cohdb
Replays
Latest Replays
All Replays
Popular Replays
Top Player Replays
Match Explorer
How It Works
Community
CoH3 Stats
Reddit
Sign in to upload your games and track your stats! →
Sign in with Steam
Match 45237574
Unlisted
Match 45237574
Overview
Messages
Build Orders
End
Kradschützen Motorcycle Team
Panzerpioneer Squad
Selects Panzerjäger Kommand Battlegroup
250 Light Carrier
Panzergrenadier Squad
Construct Light Support Kompanie
MG34 Team
Fire Support Elements
Panzerjäger Mechanized Group
Selects Mine Fields
Selects Defensive Positions
Flakvierling Half-track
Vehicle Survival Package
Panzergrenadier Squad
Selects Tank Busters
Panzerjäger Squad
Panzerjäger Squad
Construct Panzerarmee Kommand
Assault Mechanized Group
Armored Reserves
2.5-tonne Medical Truck
Panzer III L Medium Tank
Tungsten Core Ammunition
Selects Crew Shock Tactics
Selects Butterfly Bomb Drop
Butterfly Bomb Drop
Panzer III L Medium Tank
Dima
Ashur
Winitariy
Elite_1650
0
0
Comments
sign in to comment!
No comments posted yet!